 Dungeon Crawl Stone Soup version 0.18-a0-1171-ga8e22e7 (webtiles) character file.

4441 4thArraOfDagon the Nimble (level 10, -6/79 HPs)
             Began as a Vampire Berserker on Jan 26, 2016.
             Was an Elder of Trog.
             Mangled by a water elemental (12 damage)
             ... on level 12 of the Dungeon.
             The game lasted 00:13:58 (2618 turns).

4thArraOfDagon the Nimble (Vampire Berserker)       Turns: 2618, Time: 00:13:58

Health: -6/79      AC: 17    Str: 19    XL:     10   Next: 15%
Magic:  13/13      EV: 12    Int:  9    God:    Trog [****..]
Gold:   239        SH:  2    Dex: 15    Spells: 0 memorised, 9 levels left

rFire  . . .     SeeInvis +     G - +2 great sword
rCold  . . .     Gourm    .     l - +0 chain mail
rNeg   . . .     Faith    .     (shield currently unavailable)
rPois  .         Spirit   .     (no helmet)
rElec  .         Dismiss  .     e - +1 cloak
rCorr  .         Reflect  +     (no gloves)
SustAt .         Harm     .     E - +0 pair of boots
MR     +....                    r - +2 amulet of reflection
Stlth  ..........               v - ring of see invisible
                                p - +4 ring of protection

@: regenerating quickly, drained, somewhat resistant to hostile enchantments,
extremely unstealthy
A: fangs 3, see invisible, unbreathing
a: Berserk, Trog's Hand, Brothers in Arms, Burn Spellbooks, Renounce Religion


You were on level 12 of the Dungeon.
You worshipped Trog.
Trog was greatly pleased with you.
You were full.

You visited 1 branch of the dungeon, and saw 12 of its levels.

You collected 239 gold pieces.

Inventory:

Hand Weapons
 j - a +2 dagger of venom
 G - a +2 great sword (weapon)
 H - a +0 scimitar
Missiles
 F - 5 javelins of penetration (quivered)
Armour
 e - a +1 cloak (worn)
 l - a +0 chain mail (worn)
 E - a +0 pair of boots (worn)
Magical Staves
 m - an uncursed staff of energy {!a}
Jewellery
 n - an uncursed ring of flight
 o - an uncursed ring of magical power
 p - a +4 ring of protection (left hand)
 r - a +2 amulet of reflection (around neck)
 v - a ring of see invisible (right hand)
Scrolls
 a - 2 scrolls of amnesia
 f - a scroll of fog {unknown}
 h - a scroll of remove curse
 i - a scroll of fear
 s - a scroll of noise
 t - a scroll of immolation {unknown}
 u - a scroll of random uselessness {unknown}
 w - 3 scrolls of identify {unknown}
 y - a scroll of enchant armour
 D - 2 scrolls of teleportation
Potions
 b - a potion of agility {unknown}
 c - 3 potions of brilliance
 d - a potion of cure mutation {unknown}
 k - a potion of haste {unknown}
 q - a potion of mutation {unknown}
 x - a potion of poison {unknown}
 z - a potion of lignification {unknown}
 A - 3 potions of blood
 B - a potion of flight {unknown}
 I - a potion of ambrosia {unknown}


   Skills:
 - Level 7.4(6.8) Fighting
 * Level 4.2(3.7) Long Blades
 + Level 6.6(6.0) Armour
 + Level 9.0(8.5) Dodging
 + Level 5.0(4.5) Evocations


You had 9 spell levels left.
You didn't know any spells.

Dungeon Overview and Level Annotations

Branches:
Dungeon (11/15)              Lair (0/8) D:10
 Temple: D:4-7          Orc: D:9-12

Altars:
Elyvilon
Qazlal

Shops:
D:11 %


Innate Abilities, Weirdness & Mutations

Your natural rate of healing is unusually fast.
You have razor-sharp teeth.
You have supernaturally acute eyesight.
You can survive without breathing.


Message History

The hell rat closely misses you.
Unknown command.
Unknown command.
Unknown command.
Drink which item? (? for menu, Esc to quit)
Yummy - fresh blood!
Your surroundings suddenly seem different.
A hill giant comes into view. It is wielding a giant club.
The hill giant shouts!
A water elemental comes into view.
Unknown command.
The water elemental hits you.
The water elemental engulfs you in water!
Found a stone staircase leading down.
Unknown command.
Unknown command.
Unknown command.
With effort, you pull free of the water engulfing you.
The water engulfing you falls away. The water elemental hits you!
You die...

.≈≈.#
.≈≈.'###############
##.≈8≈≈≈≈≈≈≈≈≈≈≈≈≈≈≈≈≈
#..8 ≈≈≈≈≈≈≈≈≈≈≈≈≈≈C≈≈
#.. ........E........
##.# ...###@##.....##
#..######.###.# ≈.≈≈+#
####..........##..
#+#≈...
.#......).....#..+≈
...
.'.#...)......#>##≈#
.. .###..%.......#. ≈
. .# #............# ..
.# #..........### ..
)# ############


You could see a hill giant and a water elemental.

Vanquished Creatures
  An unseen horror (D:12)
  2 slime creatures (D:12)
  A shadow (D:12)
  A yak (D:10)
  A hungry ghost (D:8)
  A mottled dragon (D:11)
  Duvessa (D:7)
  3 orc warriors
  A porcupine (D:10)
  An ice beast (D:7)
  4 ogres
  5 centaurs
  A gnoll sergeant (D:9)
  3 giant frogs
  Dowan (D:7)
  2 scorpions
  6 wights
  4 crimson imps
  A quasit (D:12)
  4 orc priests (D:6)
  A hound (D:8)
  4 jellies
  7 orc wizards
  A centaur skeleton (D:4)
  3 hell rats (D:10)
  2 iguanas (D:6)
  3 worker ants
  A hound skeleton (D:5)
  A worker ant zombie (D:6)
  5 gnolls
  2 river rats (D:10)
  3 adders
  A shadow imp (D:9)
  A worm (D:6)
  2 giant geckos
  10 orcs
  6 bats
  A giant cockroach (D:2)
  A goblin (D:2)
  3 hobgoblins
  11 jackals
  8 kobolds
  2 quokkas
  A giant gecko skeleton (D:7)
  2 giant newts (D:1)
  2 jackal skeletons
  9 rats
137 creatures vanquished.

Vanquished Creatures (others)
  An orc warrior (D:6)
  An ogre (D:6)
  A centaur (D:6)
  A giant frog (D:6)
  A jelly (D:6)
  A giant gecko zombie (D:6)
6 creatures vanquished.

Grand Total: 143 creatures vanquished

Notes
Turn   | Place    | Note
--------------------------------------------------------------
     0 | D:1      | 4thArraOfDagon the Vampire Berserker began the quest for the Orb.
     0 | D:1      | Reached XP level 1. HP: 17/17 MP: 1/1
   130 | D:1      | Reached XP level 2. HP: 21/23 MP: 2/2
   274 | D:1      | Reached ** piety under Trog
   526 | D:2      | Reached XP level 3. HP: 27/29 MP: 3/3
   591 | D:4      | Noticed a scorpion
   596 | D:4      | Killed a scorpion
   596 | D:4      | Reached XP level 4. HP: 35/35 MP: 4/4
   605 | D:4      | Found a white marble altar of Elyvilon.
   640 | D:5      | Entered Level 5 of the Dungeon
   847 | D:6      | Reached XP level 5. HP: 39/41 MP: 5/5
   848 | D:6      | Killed a centaur
   858 | D:6      | Reached skill level 4 in Dodging
   904 | D:6      | Reached XP level 6. HP: 33/48 MP: 6/6
   935 | D:6      | Killed an orc warrior
   963 | D:6      | HP: 2/48 [orc priest/nerve-wracking pain (14)]
  1044 | D:6      | Reached skill level 5 in Dodging
  1089 | D:5      | Noticed a water moccasin
  1112 | D:6      | Reached XP level 7. HP: 44/55 MP: 7/7
  1135 | D:6      | Reached *** piety under Trog
  1254 | D:7      | Noticed Duvessa
  1257 | D:7      | Noticed Dowan
  1259 | D:7      | Reached skill level 5 in Fighting
  1271 | D:7      | Killed Duvessa
  1273 | D:7      | Killed Dowan
  1273 | D:7      | Reached skill level 6 in Dodging
  1363 | D:7      | Reached XP level 8. HP: 57/63 MP: 8/8
  1476 | D:8      | Reached skill level 1 in Evocations
  1516 | D:8      | Reached skill level 5 in Armour
  1645 | D:8      | Reached skill level 7 in Dodging
  1835 | D:9      | Found a stormy altar of Qazlal.
  1971 | D:9      | Reached XP level 9. HP: 71/71 MP: 9/11
  2013 | D:10     | Entered Level 10 of the Dungeon
  2056 | D:10     | Found a staircase to the Lair.
  2114 | D:10     | Reached **** piety under Trog
  2136 | D:10     | Reached skill level 8 in Dodging
  2316 | D:11     | Found Suseor's Food Shoppe.
  2328 | D:11     | You fall through a shaft!
  2356 | D:12     | Received a gift from Trog
  2391 | D:12     | Noticed an unseen horror
  2416 | D:12     | Killed an unseen horror
  2533 | D:12     | Reached XP level 10. HP: 79/79 MP: 13/13
  2542 | D:12     | Reached skill level 9 in Dodging
  2542 | D:12     | Reached skill level 5 in Evocations
  2595 | D:12     | Noticed a deep elf mage
  2616 | D:12     | Noticed a hill giant
  2618 | D:12     | Mangled by a water elemental

Vault maps used:
D:1:      minmay_arrival_nine_rooms
D:2:      first_bread
D:3:      nicolae_gozag_zags_fifth_avenue, grunt_decor_arrowhead
D:4:      lemuel_crystal_altar
D:6:      xom_confusion_cloud
D:7:      tso_oasis_becter, lemuel_coloured_pillars_altar,
          minmay_temple_entry_overgrown, st_stairs_3, uniq_duvessa,
          uniq_menkaure
D:8:      lemuel_doored_altar, kennysheep_mini, the_bakery, jmf_multi_god_temple
D:9:      lemuel_ice_statue, nicolae_qazlal_general_emergency
D:10:     dpeg_lair_monsters, minmay_misc_feat_tiny, uniq_joseph
D:11:     serial_shops, shop_fountains, minmay_misc_feat_iff
D:12:     erik_orc_2, serial_shops, kennysheep_mini_moat

Action                   |  1- 3 |  4- 6 |  7- 9 | 10-12 || total
-------------------------+-------+-------+-------+-------++-------
Melee: Falchion          |    49 |       |       |       ||    49
       Dagger            |    35 |   133 |   362 |     6 ||   536
       Great sword       |       |       |    11 |    29 ||    40
Invok: Berserk           |     2 |     3 |    14 |       ||    19
       Trog's Hand       |       |     1 |     2 |       ||     3
  Use: Potion            |     1 |     3 |     2 |     4 ||    10
       Scroll            |       |       |     4 |     3 ||     7
 Stab: Sleeping          |     1 |       |       |       ||     1
  Eat: Corpse            |     9 |     5 |    20 |       ||    34
